[Event "Carnaval"]
[Site "Quebec CAN"]
[Date "2016.02.20"]
[Round "2"]
[White "Sambuev, Bator"]
[Black "Hamilton, Robert"]
[Result "1-0"]
[ECO "E14"]
[WhiteElo "2582"]
[BlackElo "2284"]
[PlyCount "87"]
[EventDate "2016.02.19"]
[EventType "swiss"]
[EventRounds "5"]
[EventCountry "CAN"]
[TimeControl "900+2"]

1. d4 Nf6 2. Nf3 e6 3. e3 b6 4. Bd3 Bb7 5. O-O Be7 6. c4 c5 7. Nc3 cxd4 8. exd4
d5 9. cxd5 Nxd5 10. Ne5 O-O 11. Qg4 f5 12. Qe2 Bf6 13. Bc4 Re8 14. Nxd5 Bxd5
15. Bf4 Nc6 16. Rfd1 Ne7 17. Bb5 Rf8 18. Ba6 Ng6 19. Nxg6 hxg6 20. Rac1 Bg5 21.
Bc7 Qe7 22. Rc3 Bf6 23. a3 g5 24. h3 Rac8 25. f4 gxf4 26. Bxf4 Rcd8 27. Bb5 Rc8
28. Kh2 Rxc3 29. bxc3 Qxa3 30. c4 Be4 31. c5 g6 32. c6 Qe7 33. Qc4 Rc8 34. c7
Bd5 35. Qc3 Bg5 36. Be5 Bf6 37. Bxf6 Qxf6 38. Ba6 Qg5 39. g3 Qh5 40. Rf1 g5 41.
g4 Qe8 42. Bxc8 Qxc8 43. gxf5 exf5 44. Rxf5 1-0

[Event "Carnaval"]
[Site "Quebec CAN"]
[Date "2016.02.20"]
[Round "3"]
[White "Zhou, Qiyu"]
[Black "Sambuev, Bator"]
[Result "0-1"]
[ECO "B01"]
[WhiteElo "2328"]
[BlackElo "2582"]
[PlyCount "84"]
[EventDate "2016.02.19"]
[EventType "swiss"]
[EventRounds "5"]
[EventCountry "CAN"]
[TimeControl "900+2"]

1. e4 d5 2. exd5 Qxd5 3. Nc3 Qa5 4. Bc4 Nf6 5. d3 c6 6. Nge2 g6 7. Bf4 Bg7 8.
Qd2 O-O 9. O-O Qb6 10. Rab1 Nbd7 11. Ng3 Qd8 12. Bh6 b5 13. Bb3 a5 14. a3 Nc5
15. Ba2 b4 16. Nce2 Qd6 17. Bxg7 Kxg7 18. Bc4 bxa3 19. bxa3 Be6 20. Bxe6 Nxe6
21. Qc3 Kg8 22. Rfe1 Rfd8 23. h3 Nd5 24. Qa1 f5 25. Nc3 Kf7 26. Nge2 Rab8 27.
Qa2 Rxb1 28. Rxb1 Nxc3 29. Nxc3 Kf6 30. Rb6 Nd4 31. Nd1 Qc5 32. Qb2 Kf7 33. Ne3
f4 34. Nc4 f3 35. Rb8 Ne2+ 36. Kf1 fxg2+ 37. Kxg2 Nf4+ 38. Kf1 Qh5 39. Ne3
Qxh3+ 40. Ke1 Qf3 41. Qb3+ Rd5 42. Kd2 Qxf2+ 0-1

[Event "Excelsior March op"]
[Site "Toronto CAN"]
[Date "2024.03.15"]
[Round "1.2"]
[White "Sambuev, Bator"]
[Black "Loadman, Ian"]
[Result "1-0"]
[ECO "E73"]
[WhiteElo "2465"]
[BlackElo "1932"]
[PlyCount "57"]
[EventDate "2024.03.15"]
[EventType "swiss"]
[EventRounds "5"]
[EventCountry "CAN"]
[TimeControl "90+30"]

1. d4 Nf6 2. c4 g6 3. Nc3 Bg7 4. e4 d6 5. Be2 O-O 6. h4 c5 7. d5 e6 8. h5 exd5 9. h6 Bh8 10. exd5 Re8 11. Bg5 Qb6 12. b3 Ne4 13. Nxe4 Rxe4 14. Kf1 Re8 15. Bd3 Nd7 16. Rc1 Nf6 17. Rh4 Re5 18. Nf3 Rxg5 19. Nxg5 Bd7 20. Qf3 Re8 21. Re4 Rxe4 22. Bxe4 Qd8 23. b4 cxb4 24. c5 dxc5 25. Rxc5 Qe7 26. d6 Qxd6 27. Qb3 Qf8 28. Bxb7 Ne8 29. Nxf7 1-0

[Event "Excelsior March op"]
[Site "Toronto CAN"]
[Date "2024.03.16"]
[Round "2.2"]
[White "Zhu, Matthew"]
[Black "Sambuev, Bator"]
[Result "0-1"]
[ECO "C79"]
[WhiteElo "2098"]
[BlackElo "2465"]
[PlyCount "69"]
[EventDate "2024.03.15"]
[EventType "swiss"]
[EventRounds "5"]
[EventCountry "CAN"]
[TimeControl "90+30"]

1. e4 e5 2. Nf3 Nc6 3. Bb5 a6 4. Ba4 Nf6 5. O-O d6 6. c4 Bg4 7. d3 g6 8. h3 Bxf3 9. Qxf3 Nd7 10. Be3 Bg7 11. Nc3 O-O 12. Bxc6 bxc6 13. b4 f5 14. a4 Kh8 15. b5 axb5 16. axb5 cxb5 17. cxb5 f4 18. Ba7 Qc8 19. Ra6 Qb7 20. Rfa1 Nf6 21. d4 Nd7 22. Qd3 f3 23. g3 Rae8 24. Nd5 Nf6 25. Nxf6 Bxf6 26. d5 Bg5 27. b6 cxb6 28. Bxb6 Rc8 29. Be3 Bxe3 30. Qxe3 Qd7 31. Qh6 Rf7 32. Kh2 Kg8 33. h4 Qg4 34. Ra7 Qh5 35. Qe3 0-1

[Event "Excelsior March op"]
[Site "Toronto CAN"]
[Date "2024.03.16"]
[Round "3.2"]
[White "Sambuev, Bator"]
[Black "Stevens, Christian"]
[Result "1-0"]
[ECO "D12"]
[WhiteElo "2465"]
[BlackElo "2354"]
[PlyCount "95"]
[EventDate "2024.03.15"]
[EventType "swiss"]
[EventRounds "5"]
[EventCountry "CAN"]
[TimeControl "90+30"]

1. d4 Nf6 2. Nf3 d5 3. e3 Bf5 4. c4 c6 5. Nc3 e6 6. Nh4 Bg6 7. Be2 Nbd7 8. O-O Ng8 9. g3 Be7 10. Nxg6 hxg6 11. Qb3 Qb6 12. c5 Qxb3 13. axb3 a6 14. b4 Rc8 15. f3 e5 16. g4 exd4 17. exd4 Bf6 18. Rd1 g5 19. b5 axb5 20. Ra7 Rb8 21. f4 Bd8 22. fxg5 Bc7 23. Bxb5 Ne7 24. Ba6 Bxh2+ 25. Kg2 bxa6 26. Rh1 Ng6 27. Rxh2 Rxh2+ 28. Kxh2 Rb4 29. Rxa6 Rxd4 30. Rxc6 Ne7 31. Rd6 Rc4 32. Be3 Nxc5 33. Bxc5 Rxc5 34. Kg3 Rc4 35. Nxd5 Nxd5 36. Rxd5 Rb4 37. Rd2 g6 38. Kf3 Kf8 39. Rg2 Kg7 40. Ke3 Rb5 41. Kd4 Rxg5 42. b4 Kf6 43. Kc4 Ke6 44. b5 Kd6 45. Kb4 Kc7 46. Ka5 Kb7 47. Re2 Rc5 48. Re7+ 1-0